 Dungeon Crawl Stone Soup version 0.31-a0-986-g5e6e4ef867 (webtiles) character file.

Game seed: 15921934608230286371

5 croobank the Sneak (level 1, -4/18 HPs)
             Began as a Demigod Delver on Nov 4, 2023.
             Slain by an iguana (6 damage)
             ... on level 5 of the Dungeon.
             The game lasted 00:01:26 (276 turns).

croobank the Sneak (Demigod Delver)                  Turns: 276, Time: 00:01:27

Health: -4/18      AC:  3    Str: 13    XL:     1   Next: 53%
Magic:  3/3        EV: 12    Int: 12    God:
Gold:   16         SH:  0    Dex: 15    Spells: 0/0 levels left

rFire   . . .        a - +0 short sword
rCold   . . .        (no shield)
rNeg    . . .        b - +0 leather armour
rPois   .            (no helmet)
rElec   .            (no cloak)
rCorr   .            (no gloves)
SInv    .            (no boots)
Will    .....        (no amulet)
Stlth   +++          (no ring)
HPRegen 0.23/turn    (no ring)
MPRegen 0.08/turn

%: no passive effects
@: hasted, very quick
A: high MP 1, forlorn, divine attributes
a: no special abilities


You were on level 5 of the Dungeon.
You visited 1 branch of the dungeon, and saw 3 of its levels.

You collected 16 gold pieces.

Inventory:

Hand Weapons
 a - a +0 short sword (weapon)
 e - a +0 dagger
Armour
 b - a +0 leather armour (worn)
 i - a +0 ring mail
Wands
 g - a wand of digging (3)
Scrolls
 c - a scroll of fog
 d - a scroll of revelation
Potions
 h - a potion of lignification {unknown}
 j - 2 potions of curing {unknown}


   Skills:
 + Level 2.8 Fighting
 + Level 1.9 Short Blades
 + Level 1.9 Dodging
 + Level 4.6 Stealth


You couldn't memorise any spells.
You didn't know any spells.
Your spell library was empty.

Dungeon Overview and Level Annotations

Branches:
Dungeon (6/15)
 Temple: D:4-7


Innate Abilities, Weirdness & Mutations

You have an increased reservoir of magic. (+10% MP)
You shall have no god before yourself.
Your divine heritage dramatically boosts your attributes as you level up.


Message History

The quokka is moderately wounded.
The quokka bites you but does no damage. x2
You hit the quokka.
The quokka is heavily wounded.
The quokka closely misses you.
You hit the quokka.
You kill the quokka!
j - 2 blue potions (gained 1)
You start resting.
HP restored.
There is a stone staircase leading down here.
You climb downwards.
There is a stone staircase leading up here.
An iguana comes into view.
The iguana hisses angrily.
You closely miss the iguana. The iguana bites you.
You hit the iguana but do no damage.
The iguana bites you but does no damage.
You hit the iguana but do no damage. You closely miss the iguana.
The iguana misses you.
You barely miss the iguana. The iguana closely misses you.
You closely miss the iguana. The iguana barely misses you.
You barely miss the iguana. The iguana bites you.
You hit the iguana.
The iguana is moderately wounded.
The iguana barely misses you.
You hit the iguana.
The iguana is moderately wounded.
The iguana barely misses you.
You hit the iguana but do no damage.
The iguana is moderately wounded.
The iguana closely misses you.
You closely miss the iguana.
The iguana is moderately wounded.
The iguana bites you!
Ouch! That really hurt!
* * * LOW HITPOINT WARNING * * *
Okay, then.
You feel yourself speed up. The iguana bites you.
You die...

#.###### #....<.#
###########.###.#
......l@........#
###########.#####
#.# #.. ####


You could see an iguana.

Vanquished Creatures
  A ball python (D:4)
  A goblin (D:4)
  2 quokkas (D:4)
4 creatures vanquished.

Notes
Turn   | Place    | Note
-------+----------+-------------------------------------------
     0 | D:5      | croobank the Demigod Delver began the quest for the Orb.
     0 | D:5      | Reached XP level 1. HP: 18/18 MP: 3/3
    33 | D:6      | Noticed an ogre
    34 | D:6      | Noticed a water moccasin
   260 | D:5      | Noticed an iguana
   276 | D:5      | Slain by an iguana

Illustrated notes

Levels and vault maps discovered:
D:4:      layout_basic, serial_shops, shop, uniq_pikel
D:5:      layout_loops_ring, minmay_temple_entry_tees, gammafunk_ghost_cemetery
D:6:      layout_loops_cross, mainiacjoe_overflow_concentric_impassable,
          mainiacjoe_ossuary_entry_find_the_door, uniq_grinder, uniq_edmund

Action                     || total
---------------------------++-------
  Melee: Short sword       ||    29
    Use: Scroll            ||     1
         Potion            ||     1
   Stab: Sleeping          ||     2
 Armour: Leather armour    ||    14
  Dodge: Dodged            ||    13

Table legend: (Time is in decaauts)
 A = Elapsed time spent in this place.
 B = Non-inter-level travel time spent in this place.
 C = Inter-level travel time spent in this place.
 D = Time resting spent in this place.
 E = Time spent auto-exploring this place.
 F = Levels seen in this place.
 G = Mean time per level.
                   A        B        C        D        E       F      G
               +--------+--------+--------+--------+--------+-----+--------+
         Total |    273 |    251 |     22 |     24 |    118 |   3 |   91.0 |
       Dungeon |    273 |    251 |     22 |     24 |    118 |   3 |   91.0 |
               +--------+--------+--------+--------+--------+-----+--------+

Top non-repeatable levels by time:
     D:4: 125 daAuts
     D:5: 85 daAuts
     D:6: 62 daAuts
